 Dungeon Crawl Stone Soup version 0.28-a0-258-g8de209e91f (webtiles) character file.

Game seed: 16779228423664910423

40 nerd4life123 the Chopper (level 3, -4/29 HPs)
             Began as a Demonspawn Berserker on Aug 26, 2021.
             Was a Follower of Trog.
             Slain by Grinder (8 damage)
             ... on level 2 of the Dungeon.
             The game lasted 00:06:18 (1369 turns).

nerd4life123 the Chopper (Demonspawn Berserker)     Turns: 1369, Time: 00:06:19

Health: -4/29      AC:  6    Str: 18    XL:     3   Next: 30%
Magic:  3/3        EV: 18    Int:  8    God:    Trog [*.....]
Gold:   45         SH:  0    Dex: 12    Spells: 2/2 levels left

rFire   + + .      SeeInvis .   (weapon currently unavailable)
rCold   + + .      Faith    .   (shield currently unavailable)
rNeg    + + +      Spirit   .   (armour currently unavailable)
rPois   ∞          Reflect  .   (helmet currently unavailable)
rElec   +          Harm     .   (cloak currently unavailable)
rCorr   +          Rampage  .   (gloves currently unavailable)
Will    .....                   (boots currently unavailable)
Stlth   +.........              (amulet currently unavailable)
HPRegen 0.09/turn               (ring currently unavailable)
MPRegen 0.08/turn               (ring currently unavailable)

@: wisp-form, on berserk cooldown, flying, hasted and slowed
A: insubstial, flying, no casting, tiny, (claws 2)
a: Renounce Religion, Berserk


You were on level 2 of the Dungeon.
You worshipped Trog.
Trog was aware of your devotion.
You were an insubstantial wisp.
You visited 1 branch of the dungeon, and saw 3 of its levels.

You collected 45 gold pieces.

Inventory:

Hand Weapons
 a - a +0 hand axe (melded)
Armour
 b - a +0 animal skin
 e - a +0 ring mail
 g - a +3 ring mail (melded)
Jewellery
 h - an amulet of regeneration (melded)
Scrolls
 f - a scroll of identify {unknown}
Potions
 c - a potion of haste
 d - a potion of flight {unknown}
 i - a potion of brilliance {unknown}


   Skills:
 + Level 3.4 Fighting
 + Level 3.4 Axes
 + Level 2.0 Armour
 + Level 2.0 Dodging


You had 2 spell levels left.
You didn't know any spells.
Your spell library was empty.

Dungeon Overview and Level Annotations

Branches:
Dungeon (3/15)

Altars:
Beogh

Shops:
D:3 :

Annotations:
D:2 Grinder


Innate Abilities, Weirdness & Mutations

You are an insubstantial wisp.
Your tiny insubstantial body is highly resistant to most damage types.
You are flying.
Your equipment is entirely melded.
You are incapable of wielding weapons or throwing items.
You cannot cast spells.
((You have very sharp fingernails.))


Message History

Grinder is nearby!
Grinder gestures at you. Pain shoots through your body!
You see here an emerald potion.
i - an emerald potion
Found 13 gold pieces.
Grinder hits you!
You writhe in agony.
You closely miss Grinder. Grinder barely misses you.
A red film seems to cover your vision as you go berserk!
You feel yourself moving faster!
You feel mighty! Grinder gestures at you. Pain shoots through your body!
You barely miss Grinder. Grinder hits you but does no damage.
You hit Grinder but do no damage. You slash Grinder!
Grinder is moderately wounded.
Grinder hits you.
You writhe in agony.
* * * LOW HITPOINT WARNING * * *
You hit Grinder.
Grinder is moderately wounded.
Grinder hits you.
* * * LOW HITPOINT WARNING * * *
You writhe in agony.
* * * LOW HITPOINT WARNING * * *
You feel a strong urge to attack something.
There is a stone staircase leading up here.
Grinder completely misses you.
You climb upwards.
You feel your anger nearly subside.
You are no longer berserk.
You are exhausted.
You feel yourself slow down.
There is a stone staircase leading down here.
You closely miss Grinder.
Grinder is moderately wounded.
Grinder zaps a wand.
You turn into an insubstantial wisp.
Your +0 hand axe melds into your body.
Your +3 ring mail melds into your body.
Your amulet of regeneration melds into your body.
Grinder hits you.
* * * LOW HITPOINT WARNING * * *
It was a potion of haste.
You feel yourself speed up. Grinder hits you!
You die...

##############
.............#
.............#
.............#
.............#
.............#
.............#####
...............5v#
##################
.# .########
...^.....
..####### ..≈#
..≈## #### .≈≈≈#
..# #


You could see Grinder.

Vanquished Creatures
  An adder (D:2)
  A worm (D:2)
  3 dart slugs
  3 bats
  An endoplasm (D:2)
  3 giant cockroaches (D:1)
  2 goblins
  A ball python (D:2)
  3 frilled lizards (D:2)
  A kobold (D:1)
  6 rats
25 creatures vanquished.

Vanquished Creatures (others)
  8 plants (D:2)
8 creatures vanquished.

Grand Total: 33 creatures vanquished

Notes
Turn   | Place    | Note
-------+----------+-------------------------------------------
     0 | D:1      | nerd4life123 the Demonspawn Berserker began the quest for
                  | the Orb.
     0 | D:1      | Reached XP level 1. HP: 18/18 MP: 1/1
   323 | D:1      | Gained mutation: You have sharp fingernails. [demonic
                  | ancestry]
   323 | D:1      | Reached XP level 2. HP: 22/24 MP: 2/2
   417 | D:1      | Found a faded altar of an unknown god.
   866 | D:2      | Gained mutation: You have very sharp fingernails. [demonic
                  | ancestry]
   866 | D:2      | Reached XP level 3. HP: 26/29 MP: 3/3
  1353 | D:3      | Noticed Grinder
  1353 | D:3      | Found Qanyg's Book Emporium.
  1363 | D:3      | HP: 2/43 [Grinder (5)]
  1369 | D:2      | Slain by Grinder

Illustrated notes

Levels and vault maps discovered:
D:1:      dpeg_arrival_erosion, layout_basic,
          hellmonk_ecumenical_altar_defaced_shrine
D:2:      layout_basic, serial_rivers, chequers_serial_rivers_large_b,
          chequers_serial_rivers_micro_d, chequers_serial_rivers_small_b,
          chequers_serial_rivers_micro_b, hex_tiny, serial_bayou_lagoon_a
D:3:      due_chaos_kobolds, layout_rooms, serial_shops, shop, shop,
          nicolae_shop_waterfront, shop, nicolae_shop_window_shopping,
          uniq_grinder

Skill      XL: |  1  2 |
---------------+-------+-----
Axes           | 3 |  3.4
Dodging        | 2 |  2.0
Armour         | 2 |  2.0
Fighting       | |  3.4

Action                   || total
-------------------------++-------
Melee: Hand axe          ||    83
Invok: Berserk           ||     4
  Use: Potion            ||     1
Armor: Animal skin       ||    13
       Ring mail         ||    10
Dodge: Dodged            ||    60

Table legend: (Time is in decaauts)
 A = Elapsed time spent in this place.
 B = Non-inter-level travel time spent in this place.
 C = Inter-level travel time spent in this place.
 D = Time resting spent in this place.
 E = Time spent auto-exploring this place.
 F = Levels seen in this place.
 G = Mean time per level.
                   A        B        C        D        E       F      G
               +--------+--------+--------+--------+--------+-----+--------+
         Total |   1458 |   1356 |    102 |      0 |    991 |   3 |  486.0 |
       Dungeon |   1458 |   1356 |    102 |      0 |    991 |   3 |  486.0 |
               +--------+--------+--------+--------+--------+-----+--------+

Top non-repeatable levels by time:
     D:2: 868 daAuts
     D:1: 578 daAuts
     D:3: 12 daAuts
